 Dungeon Crawl Stone Soup version 0.27-a0-263-gc8dee61f84 (webtiles) character file.

Game seed: 4925534437384926970

389 HendSelp the Spear-Bearer (level 6, 0/47 HPs)
             Began as a Merfolk Gladiator on Feb 4, 2021.
             Slain by an orc wizard
             ... wielding a +0 dagger
              (2 damage)
             ... on level 4 of the Dungeon.
             The game lasted 00:04:04 (3382 turns).

HendSelp the Spear-Bearer (Merfolk Gladiator)       Turns: 3382, Time: 00:04:04

Health: 0/47       AC:  7    Str: 16    XL:     6   Next: 79%
Magic:  6/6        EV: 14    Int:  7    God:
Gold:   266        SH:  0    Dex: 16    Spells: 5/5 levels left

rFire    . . .     SeeInvis .   a - +0 trident
rCold    . . .     Faith    +   (no shield)
rNeg     . . .     Spirit   .   u - +0 ring mail
rPois    .         Reflect  .   c - +0 helmet
rElec    .         Harm     .   (no cloak)
rCorr    .         Rampage  .   (no gloves)
Will     .....                  g - +0 pair of boots
Stlth    +.........             i - amulet of faith
HPRegen  0.15/turn              (no ring)
MPRegen  0.10/turn              (no ring)

@: no status effects
A: change form in water, swift swim, stealthy swim
a: no special abilities


You were on level 4 of the Dungeon.
You visited 1 branch of the dungeon, and saw 4 of its levels.

You collected 266 gold pieces.

Inventory:

Hand Weapons
 a - a +0 trident (weapon)
Missiles
 d - 3 throwing nets (quivered)
Armour
 c - a +0 helmet (worn)
 g - a +0 pair of boots (worn)
 u - a +0 ring mail (worn)
Jewellery
 i - an amulet of faith (around neck)
Wands
 b - a wand of acid (9)
Scrolls
 e - 2 scrolls of enchant weapon
 f - a scroll of fear
 l - a scroll of fog
 m - 2 scrolls of remove curse
 n - a scroll of enchant armour {unknown}
 p - a scroll of blinking
 q - a scroll of noise {unknown}
 s - a scroll of teleportation {unknown}
 t - a scroll of magic mapping {unknown}
Potions
 h - 2 potions of brilliance {unknown}
 j - a potion of resistance
 k - a potion of attraction {unknown}
 o - a potion of might {unknown}
 r - 2 potions of curing
 v - a potion of cancellation {unknown}


   Skills:
 + Level 3.6 Fighting
 + Level 8.4 Polearms
 - Level 2.0 Throwing
 * Level 6.2 Dodging


You had 5 spell levels left.
You didn't know any spells.
Your spell library was empty.

Dungeon Overview and Level Annotations

Branches:
Dungeon (4/15)
 Temple: D:4-7

Altars:


Message History

The orc wizard hits you but does no damage.
Unknown command.
You hit the orc wizard but do no damage.
The orc wizard hits you with a +0 dagger.
Unknown command.
You barely miss the orc wizard.
The orc wizard points at you and mumbles some strange words.
The magic dart hits you.
* * * LOW HITPOINT WARNING * * *
You hit the orc wizard.
The orc wizard is lightly wounded.
The orc wizard points at you and mumbles some strange words.
The magic dart hits you!
* * * LOW HITPOINT WARNING * * *
The orc misses you.
Unknown command.
You hit the orc wizard.
The orc wizard is lightly wounded.
The orc wizard hits you with a +0 dagger.
You die...

#...'.(..##.........# #.
#...#.)..###........###.
#...'..o.###..##+##.....
#...#oo..##.............
.......#...)...............
.......#....#..............
########.............#.....
..)...oo..........#.....
.......@..............##
#..#.#.....###..#....##.
).<....)...<###.#..# #(.
#..#............. #.#
##..#.##.....###.. ####..
....#.#<.....####.##...##
..................#..#.#
###.#.#.###..####.#.#..#
.............# #.....##.


You could see an orc warrior, an orc wizard and 3 orcs.

Vanquished Creatures
  A scorpion (D:4)
  2 orc priests
  2 orc wizards (D:4)
  3 worker ants (D:4)
  6 adders
  2 oozes
  2 worms
  2 dart slugs
  A leopard gecko (D:3)
  12 orcs
  2 ball pythons
  6 bats
  4 giant cockroaches
  11 goblins
  8 hobgoblins
  6 jackals
  3 frilled lizards
  7 kobolds
  7 rats
87 creatures vanquished.

Notes
Turn   | Place    | Note
-------+----------+-------------------------------------------
     0 | D:1      | HendSelp the Merfolk Gladiator began the quest for the Orb.
     0 | D:1      | Reached XP level 1. HP: 16/16 MP: 1/1
    75 | D:1      | Reached XP level 2. HP: 22/22 MP: 2/2
   189 | D:1      | You fall into a shaft and drop 1 floor!
   310 | D:2      | Reached skill level 5 in Polearms
   424 | D:1      | Reached XP level 3. HP: 27/28 MP: 3/3
   940 | D:2      | Reached skill level 5 in Dodging
  1125 | D:2      | Reached XP level 4. HP: 34/34 MP: 4/4
  1241 | D:2      | Reached skill level 6 in Polearms
  1632 | D:2      | You fall into a shaft and drop 1 floor!
  1661 | D:3      | Reached XP level 5. HP: 16/40 MP: 5/5
  2998 | D:4      | Reached skill level 7 in Polearms
  3019 | D:4      | Reached XP level 6. HP: 23/47 MP: 6/6
  3321 | D:4      | Reached skill level 8 in Polearms
  3330 | D:4      | Noticed an orc warrior
  3381 | D:4      | HP: 2/47 [orc wizard/magic dart (8)]
  3382 | D:4      | Slain by an orc wizard

Illustrated notes

Levels and vault maps discovered:
D:1:      lightli_iron_boxes, layout_basic, hex_tiny, minmay_misc_feat_enclosed
D:2:      layout_basic, roderic_lattice_a, minmay_circle_x
D:3:      layout_loops_cross, solitary_fountain
D:4:      layout_basic, minmay_bent

Skill      XL: |  1  2  3  4  5  6 |
---------------+-------------------+-----
Polearms       | 5 6 7 8 |  8.4
Dodging        | 5 6 |  6.2
Fighting       | 3 |  3.6
Throwing       | |  2.0

Action                   |  1- 3 |  4- 6 || total
-------------------------+-------+-------++-------
Melee: Trident           |   104 |   218 ||   322
  Use: Scroll            |     4 |     2 ||     6
       Potion            |       |     1 ||     1
 Stab: Sleeping          |     2 |       ||     2
Armor: Leather armour    |    32 |     4 ||    36
       Ring mail         |       |    81 ||    81
Dodge: Dodged            |    77 |   200 ||   277

Table legend: (Time is in decaauts)
 A = Elapsed time spent in this place.
 B = Non-inter-level travel time spent in this place.
 C = Inter-level travel time spent in this place.
 D = Time resting spent in this place.
 E = Time spent auto-exploring this place.
 F = Levels seen in this place.
 G = Mean time per level.
                   A        B        C        D        E       F      G
               +--------+--------+--------+--------+--------+-----+--------+
         Total |   3378 |   3284 |     94 |    151 |   2595 |   4 |  844.5 |
       Dungeon |   3378 |   3284 |     94 |    151 |   2595 |   4 |  844.5 |
               +--------+--------+--------+--------+--------+-----+--------+

Top non-repeatable levels by time:
     D:2: 1314 daAuts
     D:3: 999 daAuts
     D:1: 660 daAuts
     D:4: 404 daAuts
